 Dungeon Crawl Stone Soup version 0.27.1-3-gb3d3a73c9e (webtiles) character file.

Game seed: 5774432094387189608

32 workbot the Skirmisher (level 3, -1/48 (49) HPs)
             Began as a Draconian Berserker on Oct 21, 2021.
             Was a Follower of Trog.
             Slain by a gnoll (4 damage)
             ... on level 2 of the Dungeon.
             The game lasted 00:01:54 (1260 turns).

workbot the Skirmisher (Draconian Berserker)        Turns: 1260, Time: 00:01:54

HP:   -1/48 (49)    AC:  5    Str: 20    XL:     3   Next: 10%
MP:   3/3           EV: 12    Int:  7    God:    Trog [*.....]
Gold: 58            SH:  0    Dex: 10    Spells: 2/2 levels left

rFire    . . .     SeeInvis .   a - +0 falchion
rCold    . . .     Faith    .   (no shield)
rNeg     . . .     Spirit   .   (armour unavailable)
rPois    .         Reflect  .   (helmet restricted)
rElec    .         Harm     .   (no cloak)
rCorr    .         Rampage  .   (no gloves)
Will     .....                  (no boots)
Stlth    ..........             (no amulet)
HPRegen  0.16/turn              (no ring)
MPRegen  0.08/turn              (no ring)

@: berserking, lightly drained, very quick
A: AC +5, unfitting armour, cold-blooded
a: Renounce Religion, Berserk


You were on level 2 of the Dungeon.
You worshipped Trog.
Trog was aware of your devotion.
You visited 1 branch of the dungeon, and saw 2 of its levels.

You collected 58 gold pieces.

Inventory:

Hand Weapons
 a - a +0 falchion (weapon)
Scrolls
 b - 2 scrolls of identify {unknown}
 e - a scroll of teleportation {unknown}
Potions
 c - a potion of cancellation {unknown}
 d - a potion of mutation {unknown}
 f - a potion of attraction {unknown}
 g - a potion of berserk rage {unknown}


   Skills:
 * Level 3.9 Fighting
 * Level 3.5 Long Blades
 + Level 2.9 Dodging


You had 2 spell levels left.
You didn't know any spells.
Your spell library was empty.

Dungeon Overview and Level Annotations

Branches:
Dungeon (2/15)

Altars:


Innate Abilities, Weirdness & Mutations

Your plain brown scales are hard. (AC +5)
You cannot fit into any form of body armour.
You are cold-blooded and may be slowed by cold attacks.


Message History

The gnoll is severely wounded.
The gnoll hits you with a +1 whip of draining.
You feel drained.
You hit the gnoll.
The gnoll is almost dead.
The gnoll barely misses you.
The gnoll hits you with a +1 whip of draining.
You feel drained. The gnoll misses you.
You barely miss the gnoll. You tail-slap the gnoll.
You kill the gnoll!
Trog accepts your kill. The gnoll barely misses you.
You riposte.
You hit the gnoll but do no damage. You tail-slap the gnoll.
The gnoll is lightly wounded.
The gnoll closely misses you.
You riposte.
You hit the gnoll.
The gnoll is heavily wounded.
The gnoll hits you with a +0 club.
You have reached level 3!
Your experience leads to an increase in your attributes!
Increase (S)trength, (I)ntelligence, or (D)exterity?
You feel stronger.
Your scales feel tougher.
A red film seems to cover your vision as you go berserk!
You feel yourself moving faster!
You feel mighty! The gnoll hits you with a +0 whip.
The gnoll hits you with a +0 club.
* * * LOW HITPOINT WARNING * * *
You are too injured to fight recklessly!
Hit: a) +0 falchion
Press: ? - help, Dir - move target, f - gnoll
Aim: a gnoll, wielding a +0 club (about 39% to evade your +0 falchion)
You completely miss the gnoll. The gnoll hits you with a +0 whip.
* * * LOW HITPOINT WARNING * * *
Hit: a) +0 falchion
Press: ? - help, Dir - move target, f/p - gnoll
Aim: a gnoll, wielding a +0 club (about 39% to evade your +0 falchion)
You hit the gnoll.
The gnoll is lightly wounded.
The gnoll hits you with a +0 club.
* * * LOW HITPOINT WARNING * * *
The gnoll hits you with a +0 whip.
You die...

### ...
########.#####
###.....gg.....#
#.......@).#
#.##...#####
###.# #<# ###


You could see 2 gnolls.

Vanquished Creatures
  A gnoll (D:2)
  A dart slug (D:1)
  4 endoplasms (D:1)
  A giant cockroach (D:1)
  3 goblins (D:1)
  A hobgoblin (D:1)
  4 kobolds (D:1)
  A ball python (D:1)
  A bat (D:1)
17 creatures vanquished.

Notes
Turn   | Place    | Note
-------+----------+-------------------------------------------
     0 | D:1      | workbot the Draconian Berserker began the quest for the
                  | Orb.
     0 | D:1      | Reached XP level 1. HP: 19/19 MP: 1/1
   258 | D:1      | Reached XP level 2. HP: 24/26 MP: 2/2
   565 | D:1      | Found a faded altar of an unknown god.
  1258 | D:2      | Reached XP level 3. HP: 15/32 MP: 3/3
  1260 | D:2      | Slain by a gnoll

Illustrated notes

Levels and vault maps discovered:
D:1:      minmay_arrival_four_loops, layout_loops_corners,
          shapermc_ecumenical_altar_venn, minmay_misc_feat_more_columns
D:2:      layout_basic, amcnicky_mini_pool_small, uniq_terence, uniq_robin

Action                   || total
-------------------------++-------
Melee: Falchion          ||    50
       Tailslap          ||     6
Invok: Berserk           ||     1
Armor: Skin              ||     6
Dodge: Dodged            ||    38
       Rpst.: Falchion   ||    13
